 Dungeon Crawl Stone Soup version 0.27-a0-1200-g94dc6ad4cf (webtiles) character file.

Game seed: 4618677743384027163

41 bobarctor the Grave Robber (level 3, -1/19 HPs)
             Began as a Deep Elf Necromancer on June 1, 2021.
             Killed from afar by Terence (7 damage)
             ... with a puff of flame
             ... on level 2 of the Dungeon.
             The game lasted 00:09:13 (2347 turns).

bobarctor the Grave Robber (Deep Elf Necromancer)   Turns: 2347, Time: 00:09:14

Health: -1/19      AC:  2    Str:  5    XL:     3   Next: 32%
Magic:  7/10       EV: 12    Int: 20    God:
Gold:   43         SH:  0    Dex: 15    Spells: 2/10 levels left

rFire    . . .     SeeInvis .   d - +0 dagger
rCold    . . .     Faith    .   (no shield)
rNeg     . . .     Spirit   .   a - +0 robe
rPois    .         Reflect  .   (no helmet)
rElec    .         Harm     .   (no cloak)
rCorr    .         Rampage  .   (no gloves)
Will     .....                  (no boots)
Stlth    ++........             (no amulet)
HPRegen  0.06/turn              (no ring)
MPRegen  0.12/turn              (no ring)

@: no status effects
A: no striking features
a: no special abilities


You were on level 2 of the Dungeon.
You visited 1 branch of the dungeon, and saw 2 of its levels.

You collected 43 gold pieces.

Inventory:

Hand Weapons
 d - a +0 dagger (weapon)
Missiles
 e - 43 stones (quivered)
 i - 17 arrows
Armour
 a - a +0 robe (worn)
Scrolls
 c - a scroll of magic mapping {unknown}
 f - a scroll of enchant armour {unknown}
 h - a scroll of acquirement {unknown}
Potions
 b - a potion of curing {unknown}
 g - 3 potions of might {unknown}
 j - a potion of invisibility {unknown}


   Skills:
 + Level 2.4 Dodging
 + Level 2.4 Stealth
 * Level 4.4 Spellcasting
 + Level 5.4 Necromancy


You had 2 spell levels left.
You knew the following spells:

 Your Spells              Type           Power      Damage    Failure   Level
a - Pain                  Necr           100%       1d9       1%          1
b - Animate Skeleton      Necr           52%        N/A       1%          1
c - Vampiric Draining     Necr           13%        2d7       4%          3
d - Apportation           Tloc           8%         N/A       12%         1
e - Summon Small Mammal   Summ           16%        N/A       12%         1
f - Magic Dart            Conj           16%        1d3       12%         1

Your spell library contained the following spells:

 Spells                   Type           Power      Damage    Failure   Level
 Corona                   Hex            4%         N/A       12%         1
 Blink                    Tloc           N/A        N/A       19%         2
 Call Imp                 Summ           4%         N/A       19%         2
 Slow                     Hex            4%         N/A       19%         2
 Animate Dead             Necr           13%        N/A       13%         4
 Conjure Flame            Conj/Fire      4%         6-21      36%         3
 Mephitic Cloud           Conj/Pois/Air  4%         N/A       36%         3
 Agony                    Necr           26%        N/A       36%         5


Dungeon Overview and Level Annotations

Branches:
Dungeon (2/15)

Altars:

Annotations:
D:2 Terence


Message History

Found a stone staircase leading up.
There is a stone staircase leading up here.
A ball python comes into view.
Throw: 44 stones
Press: ? - help, Q - select action, (/) - cycle Shift-Dir - straight line, f - ball python
Aim: a ball python (wandering, hasn't noticed you, 53% to hit)
You throw a stone.
The stone closely misses the ball python.
Casting: Pain (safe; 1% risk of failure)
Confirm with . or Enter, or press ? or * to list all spells.
Aiming: Pain (safe; 1% risk of failure)
Press: ? - help, Shift-Dir - straight line, f/p - ball python
Aim: a ball python (chance to affect: 93%)
The ball python writhes in agony.
You kill the ball python!
The kobold shouts!
Casting: Pain (safe; 1% risk of failure)
Confirm with . or Enter, or press ? or * to list all spells.
Aiming: Pain (safe; 1% risk of failure)
Press: ? - help, Shift-Dir - straight line, f - kobold
Aim: a kobold, wielding a +0 dagger and quivering stones (chance to affect: 93%)
The kobold barely resists.
The kobold throws a stone.
The stone closely misses you.
There is a stone staircase leading up here.
Casting: Pain (safe; 1% risk of failure)
Confirm with . or Enter, or press ? or * to list all spells.
Aiming: Pain (safe; 1% risk of failure)
Press: ? - help, Shift-Dir - straight line, f/p - kobold
Aim: a kobold, wielding a +0 dagger and quivering stones (chance to affect: 93%)
The kobold writhes in agony.
You kill the kobold!
Casting: Pain (safe; 1% risk of failure)
Confirm with . or Enter, or press ? or * to list all spells.
Aiming: Pain (safe; 1% risk of failure)
Press: ? - help, Shift-Dir - straight line, f - Terence
Aim: Terence, wielding a +1 flail of holy wrath, wearing a +0 scale mail, quivering stones and carrying a wand of flame (6) (chance to affect: 89%) Terence barely resists.
Terence zaps a wand.
The puff of flame hits you!
Ouch! That really hurt!
Terence zaps a wand.
The puff of flame hits you!
You die...

......†@...<# .
..###.##.##.# ... #
..... #.##.#
..<.#.##.####.##.#
#...........#..#
.#...##@#.####.##
#.'....#)#......#
####......#..#####
..........@....###
######...#.......#)..#
.#..................#.#
...............#.##.#.#
###........#..#.##.#.#
#......#........#....#
#.#........###########
#..............#
###[.......#########


You could see Terence.

Vanquished Creatures
  4 ball pythons
  2 endoplasms (D:1)
  A giant cockroach (D:1)
  5 hobgoblins (D:1)
  4 jackals (D:1)
  8 kobolds
  3 quokkas (D:1)
  5 bats (D:1)
  2 frilled lizards (D:1)
  4 rats
38 creatures vanquished.

Vanquished Creatures (others)
  13 plants (D:1)
13 creatures vanquished.

Grand Total: 51 creatures vanquished

Notes
Turn   | Place    | Note
-------+----------+-------------------------------------------
     0 | D:1      | bobarctor the Deep Elf Necromancer began the quest for the
                  | Orb.
     0 | D:1      | Reached XP level 1. HP: 10/10 MP: 6/6
   136 | D:1      | Learned a level 1 spell: Animate Skeleton
   295 | D:1      | Reached skill level 5 in Necromancy
   526 | D:1      | Reached XP level 2. HP: 14/15 MP: 6/8
  1158 | D:1      | Reached XP level 3. HP: 18/19 MP: 8/10
  1162 | D:1      | Learned a level 3 spell: Vampiric Draining
  1164 | D:1      | Learned a level 1 spell: Apportation
  1166 | D:1      | Learned a level 1 spell: Summon Small Mammal
  1977 | D:2      | Noticed Terence
  2043 | D:2      | Learned a level 1 spell: Magic Dart
  2347 | D:2      | Killed from afar by Terence

Illustrated notes

Levels and vault maps discovered:
D:1:      roderic_octagonal_star, layout_basic, lexackson_kobold_supper
D:2:      kb_forest_paths, layout_basic, ebering_ecumenical_altar_rust,
          uniq_natasha, uniq_terence

Skill      XL: |  1  2 |
---------------+-------+-----
Necromancy     | 5 |  5.4
Spellcasting   | 4 |  4.4
Dodging        | |  2.4
Stealth        | |  2.4

Action                   || total
-------------------------++-------
Throw: Stone             ||     1
 Cast: Pain              ||    57
       Animate Skeleton  ||     1
Armor: Robe              ||     1
Dodge: Dodged            ||     4

Table legend: (Time is in decaauts)
 A = Elapsed time spent in this place.
 B = Non-inter-level travel time spent in this place.
 C = Inter-level travel time spent in this place.
 D = Time resting spent in this place.
 E = Time spent auto-exploring this place.
 F = Levels seen in this place.
 G = Mean time per level.
                   A        B        C        D        E       F      G
               +--------+--------+--------+--------+--------+-----+--------+
         Total |   2347 |   2323 |     24 |    836 |   1304 |   2 | 1173.5 |
       Dungeon |   2347 |   2323 |     24 |    836 |   1304 |   2 | 1173.5 |
               +--------+--------+--------+--------+--------+-----+--------+

Top non-repeatable levels by time:
     D:1: 2159 daAuts
     D:2: 188 daAuts
